 Dungeon Crawl Stone Soup version 0.21.1-1-g345015f (webtiles) character file.

89 shakethe the Chopper (level 4, 0/33 HPs)
             Began as a Formicid Warper on Feb 7, 2018.
             Was a Follower of Zin.
             Slain by a kobold
             ... wielding a +0 whip
              (1 damage)
             ... on level 2 of the Dungeon.
             The game lasted 00:07:02 (2832 turns).

shakethe the Chopper (Formicid Warper)              Turns: 2832, Time: 00:07:03

Health: 0/33       AC:  3    Str: 16    XL:     4   Next: 84%
Magic:  8/8        EV: 12    Int: 12    God:    Zin [*.....]
Gold:   95         SH:  0    Dex: 11    Spells: 7/9 levels left

rFire    . . .     SeeInvis +   a - +0 hand axe
rCold    . . .     Gourm    .   (no shield)
rNeg     . . .     Faith    .   b - +0 leather armour
rPois    .         Spirit   .   (helmet unavailable)
rElec    .         Reflect  .   (no cloak)
rCorr    .         Harm     .   (no gloves)
MR       .....                  (no boots)
Stlth    +.........             (no amulet)
HPRegen  0.11/turn              (no ring)
MPRegen  0.11/turn              (no ring)

@: no status effects
A: permanent stasis, dig shafts and tunnels, four strong arms, antennae 3
a: Dig, Shaft Self, Recite, Donate Gold, Renounce Religion


You were on level 2 of the Dungeon.
You worshipped Zin.
Zin was aware of your devotion.
You were hungry.

You visited 1 branch of the dungeon, and saw 2 of its levels.

You collected 105 gold pieces.
You donated 10 gold pieces to Zin.

Inventory:

Hand Weapons
 a - a +0 hand axe (weapon)
Missiles
 e - 2 tomahawks of dispersal (quivered)
Armour
 b - a +0 leather armour (worn)
Scrolls
 d - 2 scrolls of blinking
 h - 2 scrolls of remove curse {unknown}
 m - a scroll of enchant armour {unknown}
 o - 2 scrolls of identify {unknown}
 p - a scroll of noise {unknown}
Potions
 g - 2 potions of curing {unknown}
 i - a potion of agility {unknown}
 j - a potion of berserk rage {unknown}
 k - a potion of flight {unknown}
 l - a potion of lignification {unknown}
Books
 c - a book of Spatial Translocations

   Spells                             Type                      Level
   a - Blink                          Translocation                2
   b - Shroud of Golubria             Charms/Translocation         2
   c - Lesser Beckoning               Translocation                3
   d - Gell's Gravitas                Translocation                3
   e - Teleport Other                 Translocation                3
   f - Passage of Golubria            Translocation                4
Comestibles
 f - a ration


   Skills:
 - Level 2.2 Fighting
 * Level 3.3 Axes
 - Level 1.1 Throwing
 - Level 1.2 Armour
 + Level 2.4 Dodging
 + Level 3.0 Spellcasting
 + Level 2.8 Translocations


You had 7 spell levels left.
You knew the following spells:

 Your Spells              Type           Power        Failure   Level  Hunger
a - Shroud of Golubria    Chrm/Tloc      #.........   26%         2    ###....


Dungeon Overview and Level Annotations

Branches:
Dungeon (2/15)

Altars:
Gozag
Kikubaaqudgha
Okawaru
Qazlal
Ru
Zin

Annotations:
D:2 Sigmund


Innate Abilities, Weirdness & Mutations

You cannot be hasted, slowed, berserked, paralysed or teleported.
You can dig through walls and to a lower floor.
Your four strong arms can wield two-handed weapons with a shield.
You have a pair of large antennae on your head. (SInv)


Message History

Sigmund casts a spell at you.
You are confused.
You bump into the rock wall.
You bump into the rock wall.
Sigmund points at you and mumbles some strange words.
The magic dart hits you!
* * * LOW HITPOINT WARNING * * *
Sigmund closely misses you. The goblin closely misses you.
Sigmund hits you but does no damage.
All of the chunks of flesh in your inventory have rotted away.
You bump into the rock wall.
The goblin hits you but does no damage.
You hit the goblin.
The goblin is almost dead.
You barely miss the kobold.
You feel less confused. The kobold hits you with a whip.
* * * LOW HITPOINT WARNING * * *
The goblin barely misses you. Sigmund completely misses you.
The kobold hits you with a whip.
You die...

#.....# #.#...#
#.##.## ####.##.#
########
##....##.#
.......#
#.###.##.#
######.####.#
#....#
##...##..###g.###
#...†)......K@#
##.....#....@..#
#............###
####.....###...#
........## #####
######.## ###


You could see Sigmund, a goblin and a kobold.

Vanquished Creatures
  An adder (D:2)
  An ooze (D:1)
  3 worms
  2 dart slugs (D:1)
  4 leopard geckos
  9 bats
  2 giant cockroaches
  9 goblins
  6 hobgoblins
  A jackal (D:2)
  4 frilled lizards
  8 kobolds
  9 rats
59 creatures vanquished.

Notes
Turn   | Place    | Note
-------+----------+-------------------------------------------
     0 | D:1      | shakethe the Formicid Warper began the quest for the Orb.
     0 | D:1      | Reached XP level 1. HP: 16/16 MP: 3/3
   141 | D:1      | Reached XP level 2. HP: 7/22 MP: 5/5
   438 | D:1      | Reached XP level 3. HP: 23/27 MP: 6/6
   442 | D:1      | Learned a level 2 spell: Shroud of Golubria
  1295 | D:2      | HP: 1/27 [worm (10)]
  1629 | D:1      | Reached XP level 4. HP: 15/33 MP: 8/8
  1645 | D:2      | Found an iron altar of Okawaru.
  2060 | D:2      | Found an opulent altar of Gozag.
  2063 | D:2      | Found an ancient bone altar of Kikubaaqudgha.
  2063 | D:2      | Found a sacrificial altar of Ru.
  2096 | D:2      | Found a stormy altar of Qazlal.
  2614 | D:2      | Found a glowing silver altar of Zin.
  2664 | D:2      | Became a worshipper of Zin the Law-Giver
  2714 | D:2      | Reached * piety under Zin
  2766 | D:2      | Noticed Sigmund
  2832 | D:2      | HP: 1/33 [kobold/whip (6)]
  2832 | D:2      | Slain by a kobold

Skill      XL: |  1  2  3  4 |
---------------+-------------+-----
Dodging        | 2 |  2.4
Axes           | 3 |  3.3
Spellcasting   | 3 |  3.0
Fighting       | |  2.2
Throwing       | |  1.1
Armour         | |  1.2
Translocations | |  2.8

Action                   |  1- 3 |  4- 6 || total
-------------------------+-------+-------++-------
Melee: Hand axe          |   131 |   140 ||   271
Throw: Tomahawk          |     2 |     1 ||     3
 Cast: Shroud of Golubri |       |     1 ||     1
  Eat: Chunk             |     2 |     4 ||     6
Armor: Leather armour    |    42 |    39 ||    81
Dodge: Dodged            |   116 |   107 ||   223
